AoeStats
← MattAtArms

Arabia

506891804Analyzed
1v1 RM · 18d ago on Sep 15, 2026· 21m 25s· 2 players
Game mode
Random Map
Map size
Tiny (2 player)
Population
200
Speed
Normal
Resources
Standard
Victory
Conquest
Starting age
Dark Age
Ending age
Imperial Age
RankedLock teamsTeams togetherTeam positionsShared explorationLock speedFull tech treeHidden civsTurbo modeCheats
Victory
Defeat
🇩🇪 Tupi · Germany
1951
+18
🇬🇧 Vikings · United Kingdom
1997
-18
Erich Müller
1:59 Loom
8:29 Loom
10:15 Feudal Age
15:34 Castle Age
16:25 Fletching
22:00 Bodkin Arrow
MattAtArms
6:00 Loom
9:21 Feudal Age
9:30 Man-at-Arms
16:26 Double-Bit Axe
20:37 Castle Age
18:28 Gold Mining
19:02 Padded Archer Armor
19:26 Fletching
21:18 Bodkin Arrow
Connection lost

Rejoining the realm…

Still unreachable

The connection could not be restored.

Session expired

The server has moved on; the page needs a fresh start.